 Dungeon Crawl Stone Soup version 0.26-b1-32-g5d43845318 (webtiles) character file.

Game seed: 18296357635657962188

64 HoaS the Shield-Bearer (level 4, -5/35 HPs)
             Began as a Formicid Fighter on Jan 12, 2021.
             Slain by Sigmund
             ... wielding a +1 scythe of distortion
              (10 damage)
             ... on level 2 of the Dungeon.
             The game lasted 00:03:05 (1607 turns).

HoaS the Shield-Bearer (Formicid Fighter)           Turns: 1607, Time: 00:03:06

Health: -5/35      AC:  6    Str: 21    XL:     4   Next: 32%
Magic:  4/4        EV:  8    Int:  8    God:
Gold:   43         SH: 10    Dex: 10    Spells: 3/3 levels left

rFire    . . .     SeeInvis +   a - +0 quarterstaff
rCold    + . .     Faith    .   c - +1 kite shield
rNeg     . . .     Spirit   .   b - +0 scale mail
rPois    .         Reflect  .   (helmet unavailable)
rElec    .         Harm     .   (no cloak)
rCorr    .         Rampage  .   (no gloves)
Will     .....                  (no boots)
Stlth    ..........             (no amulet)
HPRegen  0.11/turn              f - ring of protection from cold
MPRegen  0.09/turn              (no ring)

@: no status effects
A: permanent stasis, dig shafts and tunnels, four strong arms, antennae 3
a: Dig, Shaft Self


You were on level 2 of the Dungeon.
You visited 1 branch of the dungeon, and saw 2 of its levels.

You collected 43 gold pieces.

Inventory:

Hand Weapons
 a - a +0 quarterstaff (weapon)
Armour
 b - a +0 scale mail (worn)
 c - a +1 kite shield (worn)
Jewellery
 e - an uncursed amulet of reflection {unknown}
 f - a ring of protection from cold (left hand)
Scrolls
 g - a scroll of remove curse
 h - a scroll of identify {unknown}
Potions
 d - 2 potions of might
 i - a potion of flight {unknown}


   Skills:
 - Level 3.2 Fighting
 * Level 3.6 Staves
 - Level 3.2 Armour
 + Level 4.5 Shields


You had 3 spell levels left.
You didn't know any spells.
Your spell library was empty.

Dungeon Overview and Level Annotations

Branches:
Dungeon (2/15)

Altars:
Sif Muna
Wu Jian
The Shining One

Annotations:
D:2 1 runed translucent door, Crazy Yiuf, Sigmund


Innate Abilities, Weirdness & Mutations

You cannot be hasted, slowed, berserked, paralysed or teleported.
You can dig through walls and to a lower floor.
Your four strong arms can wield two-handed weapons with a shield.
You have a pair of large antennae on your head. (SInv)


Message History

You block Sigmund's attack.
You closely miss Sigmund. You block Sigmund's attack.
You hit Sigmund.
Sigmund is lightly wounded.
Sigmund completely misses you.
You hit Sigmund.
Sigmund is moderately wounded.
Sigmund hits you with a +1 scythe of distortion!
Space warps horribly around you!!
Ouch! That really hurt!
* * * LOW HITPOINT WARNING * * *
You sock Sigmund!
Sigmund is heavily wounded.
You hit Sigmund.
Sigmund is heavily wounded.
Sigmund barely misses you.
You hit Sigmund.
Sigmund is heavily wounded.
Sigmund hits you with a +1 scythe of distortion!
You die...

#.#..... ....... .....#
....# ...# .g# ######### #@#
#.......# #@# #.......# #.#
#.......# ####.###.......#
#.....##.[.....#
#####...#.##.......#
#########.........##.......#
#.........####.########.####
#.........# #.##.## ##.#####
#..#####..#
#.#.#.###..#<..#####


You could see Sigmund and a hobgoblin.

Vanquished Creatures
  3 adders (D:2)
  4 worms (D:2)
  2 dart slugs
  3 bats (D:2)
  A giant cockroach (D:1)
  2 goblins (D:1)
  A hobgoblin (D:2)
  3 kobolds
  4 frilled lizards
  3 rats
26 creatures vanquished.

Notes
Turn   | Place    | Note
-------+----------+-------------------------------------------
     0 | D:1      | HoaS the Formicid Fighter began the quest for the Orb.
     0 | D:1      | Reached XP level 1. HP: 18/18 MP: 1/1
    81 | D:1      | Found a glowing golden altar of the Shining One.
   160 | D:1      | Reached XP level 2. HP: 19/24 MP: 2/2
   587 | D:2      | Found a shimmering blue altar of Sif Muna.
   591 | D:2      | Reached skill level 4 in Shields
   612 | D:2      | Reached XP level 3. HP: 29/29 MP: 3/3
   879 | D:2      | Reached XP level 4. HP: 14/35 MP: 4/4
  1365 | D:2      | Found an ornate altar of the Wu Jian Council.
  1478 | D:2      | Found a runed translucent door.
  1479 | D:2      | Noticed Crazy Yiuf
  1594 | D:2      | Noticed Sigmund
  1607 | D:2      | Slain by Sigmund

Illustrated notes

Levels and vault maps discovered:
D:1:      zelgadis_glass_arrival_large, layout_basic, tso_altar
D:2:      layout_loops_cross, lemuel_crystal_altar, serial_glass,
          glass_columns_a, glass_columns_a, glass_columns_b, glass_columns_b,
          glass_columns_a, glass_columns_b, due_unseen_surprise,
          minmay_strange_pillars, feat_on_display, lemuel_tele_altar,
          uniq_crazy_yiuf_cottage, uniq_sigmund

Skill      XL: |  1  2 |
---------------+-------+-----
Shields        | 4 |  4.5
Staves         | 3 |  3.6
Fighting       | |  3.2
Armour         | |  3.2

Action                   |  1- 3 |  4- 6 || total
-------------------------+-------+-------++-------
Melee: Quarterstaff      |    58 |    38 ||    96
 Abil: Dig               |     1 |       ||     1
  Use: Scroll            |     4 |     1 ||     5
Armor: Scale mail        |    39 |    11 ||    50
Dodge: Dodged            |    22 |     8 ||    30
Block: Kite shield       |    54 |    21 ||    75
